 Dungeon Crawl Stone Soup version 0.31-a0-844-gdc52ec4e09 (webtiles) character file.

Game seed: 7783008121169754327

427 Descartes the Shield-Bearer (level 7, -6/52 HPs)
             Began as a Formicid Fighter on Sept 29, 2023.
             Was an Initiate of Gozag.
             Killed by divine providence
             ... invoked by an orc priest
              (11 damage)
             ... on level 5 of the Dungeon.
             The game lasted 00:06:49 (3344 turns).

Descartes the Shield-Bearer (Formicid Fighter)      Turns: 3344, Time: 00:06:51

Health: -6/52      AC:  9    Str: 22    XL:     7   Next: 18%
Magic:  7/7        EV:  8    Int:  8    God:    Gozag
Gold:   251        SH:  5    Dex: 13    Spells: 6/6 levels left

rFire   . . .        a - +0 war axe
rCold   . . .        c - +0 buckler
rNeg    . . .        m - +0 chain mail
rPois   .            (helmet unavailable)
rElec   .            l - scarf {+Inv}
rCorr   .            (no gloves)
SInv    +            (no boots)
Will    +....        (no amulet) Stlth
                     r - ring of willpower
HPRegen 0.28/turn    (no ring)
MPRegen 0.10/turn

%: no passive effects
@: gold aura
A: permanent stasis, dig shafts and tunnels, antennae 3, four strong arms
a: Dig, Shaft Self, Renounce Religion, Evoke Invisibility, Potion Petition, Call
Merchant, Bribe Branch


You were on level 5 of the Dungeon.
You worshipped Gozag.
Gozag was aware of your devotion.
You visited 2 branches of the dungeon, and saw 6 of its levels.

You collected 306 gold pieces.
You paid 55 gold pieces to Gozag.

Inventory:

Hand Weapons
 a - a +0 war axe (weapon)
Missiles
 h - 12 poisoned darts
 p - 2 boomerangs
Armour
 b - a +0 scale mail
 c - a +0 buckler (worn)
 l - a scarf of invisibility (worn)
 m - a +0 chain mail (worn)
Jewellery
 r - a ring of willpower (left hand)
 w - a ring of ice
Scrolls
 f - 2 scrolls of immolation
 g - 2 scrolls of noise
 i - 5 scrolls of teleportation
 j - a scroll of identify
 k - a scroll of fog
 o - a scroll of revelation
 t - a scroll of poison {unknown}
 u - a scroll of blinking {unknown}
 v - a scroll of torment {unknown}
Potions
 d - 2 potions of might
 q - a potion of lignification {unknown}
 s - a potion of heal wounds {unknown}


   Skills:
 - Level 3.2 Fighting
 + Level 4.5 Axes
 + Level 5.4 Armour
 + Level 6.5 Shields


You had 6 spell levels left.
You didn't know any spells.
Your spell library contained the following spells:

 Spells                   Type           Power      Damage    Failure   Level
 Sting                    Tmut/Pois      0%         1d3       97%         1
 Borgnjor's Vile Clutch   Necr/Erth      0%         N/A       100%        5
 Summon Forest            Summ/Tloc      0%         N/A       100%        5
 Summon Mana Viper        Hex/Summ       0%         N/A       100%        5
 Summon Cactus Giant      Summ           0%         N/A       100%        6
 Borgnjor's Revivificati  Necr           0%         N/A       100%        8
 Animate Dead             Necr           Unusable   N/A       N/A         4

Dungeon Overview and Level Annotations

Branches:
Dungeon (5/15)             Temple (1/1) D:4

Altars:
Cheibriados
Dithmenos
Gozag
Makhleb
Okawaru
Qazlal
Ru
Sif Muna
Uskayaw
Wu Jian
Xom

Shops:
D:4 *   D:5 =


Innate Abilities, Weirdness & Mutations

You cannot be hasted, slowed, berserked, paralysed or teleported.
You can dig through walls and to a lower floor.
You have a pair of large antennae on your head. (SInv)
Your four strong arms can wield two-handed weapons with a shield.


Message History

The orc priest hits the plant with a +0 flail.
The plant begins to die.
The iguana closely misses you.
You closely miss the iguana.
A nearby plant withers and dies.
You block the iguana's attack. The iguana bites you.
You closely miss the iguana. The iguana closely misses you.
You slash the iguana!
The iguana is heavily wounded.
The orc priest hits the plant with a +0 flail.
The plant begins to die.
The iguana bites you but does no damage.
You barely miss the iguana.
The iguana is heavily wounded.
A nearby plant withers and dies.
The iguana bites you!
The orc priest looks encouraged for a moment.
The orc priest hits the plant with a +0 flail.
The iguana barely misses you.
You hit the iguana.
The iguana is almost dead.
The orc priest mumbles some strange prayers to Beogh against you.
Beogh smites you! The iguana barely misses you.
You slash the iguana!
You kill the iguana!
The orc priest invokes the aid of Beogh against you.
Beogh smites you!
A nearby plant withers and dies.
The orc priest invokes the aid of Beogh against you.
Beogh smites you!
* * * LOW HITPOINT WARNING * * *
You see here 7 gold pieces.
You slash the orc priest!
The orc priest is almost dead.
The orc priest hits you with a +0 flail.
* * * LOW HITPOINT WARNING * * *
You closely miss the orc priest.
The orc priest is almost dead.
The orc priest barely misses you.
The orc priest invokes the aid of Beogh against you.
Beogh smites you!
You die...
Your body crumbles into a pile of gold.

*##♣♣♣♣....###.♣♣P#****,**,
*,P.♣♣♣♣.♣♣.PP~§.♣,,,***,,,
*,?PP###.♣.♣♣♣♣.♣♣**,,,,*,* **
*,♣.##.##♣.P♣♣♣..♣,*,**,***
+******,P#+O[.'#..♣....♣,,*,,,,*,
,,,,*,,,.♣##.##.....♣.P♣**,,***,,
,,,,,,*,P.♣###.♣.♣.♣..♣♣,,,8,,,*,
,,,,***,.♣.♣...♣♣..♣..P.....,,,,,
,,,,* **.♣♣.♣.$$@.♣..♣...8.⌠,8,**
,,*** *,..♣..♣.♣♣o.....♣....,,,,,
*,*****,...♣.♣.♣.♣♣♣..♣♣,P.8,*,*,
*,*,,,,§♣.♣♣.♣.♣..♣P♣..♣,*P♣*,***
*,*,*,,,P§.§.♣....♣..PP♣,{*.,,,,,
*,*,*,*,§♣.♣..♣...PP♣o.♣**,,***,,
*,,,*,,*P..♣..♣.##♣..♣♣.*,*,,****
*****,,,.♣.♣.P.###.♣P.##,,,,,**,,
,,,,,***,,,,..**,,,,,,,,,,,,,,,,,


You could see an orc priest.

Vanquished Creatures
  A scorpion (D:3)
  An orc priest (D:3)
  A hound (D:5)
  A sleepcap (D:5)
  An iguana (D:5)
  An orc wizard (D:3)
  2 gnolls
  8 adders
  2 river rats (D:5)
  An ufetubus (D:5)
  4 worms
  4 dart slugs
  An orc (D:3)
  8 ball pythons
  7 bats
  6 endoplasms
  3 giant cockroaches
  13 goblins
  7 hobgoblins
  4 jackals (D:2)
  3 quokkas
  6 frilled lizards
  11 kobolds
  4 rats
100 creatures vanquished.

Notes
Turn   | Place    | Note
-------+----------+-------------------------------------------
     0 | D:1      | Descartes the Formicid Fighter began the quest for the Orb.
     0 | D:1      | Reached XP level 1. HP: 18/18 MP: 1/1
    51 | D:1      | Reached XP level 2. HP: 24/24 MP: 2/2
   224 | D:1      | Reached XP level 3. HP: 26/29 MP: 3/3
   677 | D:2      | Reached XP level 4. HP: 14/35 MP: 4/4
   782 | D:2      | Reached skill level 5 in Shields
  1124 | D:2      | Got a levitating book
  1256 | D:3      | Reached XP level 5. HP: 36/37 MP: 5/5
  1276 | D:3      | Reached XP level 6. HP: 9/47 MP: 6/6
  1774 | D:3      | Reached skill level 6 in Shields
  2308 | D:4      | Found a staircase to the Ecumenical Temple.
  2317 | Temple   | Entered the Ecumenical Temple
  2332 | Temple   | Became a worshipper of Gozag Ym Sagoz the Greedy
  2395 | D:4      | Reached skill level 5 in Armour
  2620 | D:4      | Found Fiakk's Fire Supplies.
  2915 | D:5      | Entered Level 5 of the Dungeon
  3010 | D:5      | Found a burning altar of Makhleb.
  3010 | D:5      | Noticed a blizzard demon
  3019 | D:5      | Found Joyte's Jewellery Shop.
  3135 | D:5      | Reached XP level 7. HP: 5/52 MP: 7/7
  3135 | D:5      | HP: 2/52 [river rat (3)]
  3344 | D:5      | Killed from afar by an orc priest

Illustrated notes

Levels and vault maps discovered:
D:1:      doesnt_arrival_eight_statues, layout_basic
D:2:      kennysheep_the_goblin_king, layout_basic
D:3:      kennysheep_six_static_rooms, layout_basic
D:4:      layout_loops_corners, minmay_temple_entry_hall, nicolae_shop_fire_sale
          [nicolae_sub_dead_trees]
D:5:      wad_woods_tower, layout_basic, nicolae_elyvilon_temple_path,
          nicolae_overflow_quartered_altars, makhleb_altar_promises_db,
          serial_co_window_serial, co_window_corner_a,
          co_window_of_opportunity_a, co_window_corner_a, co_window_corner_a,
          co_window_cross_1, co_window_corner_a, co_window_paths_a,
          co_window_unsneaky_path_c, co_window_broadway_c,
          co_window_of_opportunity_c, glass_columns_a, glass_columns_a,
          glass_columns_a, glass_columns_a, serial_shops, shop,
          portal_sewer_entry_d, chequers_serial_rivers_marsh, minivault_5
Temple:   eino_wide_crystal_templ

Skill      XL: |  1  2  3  4  5  6 |
---------------+-------------------+-----
Armour         | 4 5 |  5.4
Axes           | 3 4 |  4.5
Shields        | 5 6 |  6.5
Fighting       | |  3.2

Action                     |  1- 3 |  4- 6 |  7- 9 || total
---------------------------+-------+-------+-------++-------
  Melee: War axe           |    58 |   170 |    18 ||   246
Ability: Dig               |       |     1 |       ||     1
    Use: Scroll            |       |       |     5 ||     5
         Potion            |       |       |     2 ||     2
 Armour: Scale mail        |    31 |       |       ||    31
         Chain mail        |    11 |   146 |    10 ||   167
  Dodge: Dodged            |    26 |    76 |    14 ||   116
  Block: Buckler           |    17 |    51 |     4 ||    72

Table legend: (Time is in decaauts)
 A = Elapsed time spent in this place.
 B = Non-inter-level travel time spent in this place.
 C = Inter-level travel time spent in this place.
 D = Time resting spent in this place.
 E = Time spent auto-exploring this place.
 F = Levels seen in this place.
 G = Mean time per level.
                   A        B        C        D        E       F      G
               +--------+--------+--------+--------+--------+-----+--------+
         Total |   3430 |   3354 |     76 |      2 |   2654 |   6 |  571.7 |
       Dungeon |   3399 |   3350 |     49 |      2 |   2654 |   5 |  679.8 |
        Temple |     30 |      3 |     27 |      0 |      0 |   1 |   30.0 |
               +--------+--------+--------+--------+--------+-----+--------+

Top non-repeatable levels by time:
     D:4: 867 daAuts
     D:3: 859 daAuts
     D:2: 737 daAuts
     D:1: 491 daAuts
     D:5: 443 daAuts
  Temple: 30 daAuts
